 Dungeon Crawl Stone Soup version 0.29.1-15-g9cfb28693d (webtiles) character file.

Game seed: 4691045482073733036

32 leafyfresh the Sneak (level 3, -3/26 HPs)
             Began as an Octopode Delver on Mar 11, 2023.
             Slain by Ijyb
             ... wielding a +0 dagger
              (4 damage)
             ... on level 3 of the Dungeon.
             The game lasted 00:01:10 (1449 turns).

leafyfresh the Sneak (Octopode Delver)              Turns: 1449, Time: 00:01:10

Health: -3/26      AC:  1    Str: 11    XL:     3   Next: 27%
Magic:  3/3        EV: 13    Int: 14    God:
Gold:   120        SH:  0    Dex: 13    Spells: 2/2 levels left

rFire   . . .      SeeInvis .   a - +0 short sword
rCold   . . .      Faith    .   (no shield)
rNeg    . . .      Spirit   .   (helmet restricted)
rPois   .          Reflect  .   (no amulet)
rElec   .          Harm     .   i - ring of resist corrosion
rCorr   +          Rampage  .   (no ring)
Will    .....                   (no ring)
Stlth   ++++......              (no ring)
HPRegen 0.08/turn               (no ring)
MPRegen 0.08/turn               (no ring)
                                (no ring)
                                (no ring)

@: no status effects
A: almost no armour, amphibious, 8 rings, camouflage 1, gelatinous body 1,
(nimble swimmer 1), tentacles
a: no special abilities


You were on level 3 of the Dungeon.
You visited 1 branch of the dungeon, and saw 3 of its levels.

You collected 120 gold pieces.

Inventory:

Hand Weapons
 a - a +0 short sword (weapon)
Magical Staves
 h - a staff of earth
Jewellery
 i - a ring of resist corrosion (left tentacle)
 k - a ring of magical power
Wands
 f - a wand of digging (3)
Scrolls
 b - a scroll of fog
 c - a scroll of magic mapping
 d - a scroll of fear
 g - a scroll of amnesia {unknown}
 l - a scroll of enchant armour {unknown}
 m - a scroll of torment {unknown}
 o - 3 scrolls of vulnerability {unknown}
Potions
 e - 3 potions of haste
 j - 3 potions of curing {unknown}
 n - a potion of attraction {unknown}


   Skills:
 + Level 3.4 Fighting
 - Level 2.0 Short Blades
 + Level 2.6 Dodging
 + Level 7.1 Stealth


You had 2 spell levels left.
You didn't know any spells.
Your spell library contained the following spells:

 Spells                   Type           Power      Damage    Failure   Level
 Frozen Ramparts          Ice            0%         1d1       65%         3
 Ice Form                 Ice/Tmut       0%         N/A       96%         4
 Summon Ice Beast         Ice/Summ       0%         N/A       96%         4


Dungeon Overview and Level Annotations

Branches:
Dungeon (5/15)
 Temple: D:4-7

Altars:
Gozag
Okawaru
Xom

Shops:
D:5 [

Annotations:
D:3 Ijyb


Innate Abilities, Weirdness & Mutations

You cannot wear most types of armour.
You are amphibious.
You can wear up to eight rings at the same time.
Your skin changes colour to match your surroundings (Stealth+).
Your rubbery body absorbs attacks. (AC +1, EV +1)
((You are camouflaged when in or above water. (Stealth+)))
You have tentacles for arms and can constrict up to eight enemies at once.


Message History

Ijyb the Twisted Goblin comes into view.
She is wielding a +0 dagger and carrying a wand of flame (26).
Ijyb is nearby!
Ijyb shouts!
Ijyb is nearby!
Ijyb hits you with a +0 dagger.
You closely miss Ijyb. You grab Ijyb. You constrict Ijyb, but do no damage.
Ijyb misses you.
You hit Ijyb but do no damage. You constrict Ijyb.
Ijyb hits you with a +0 dagger.
You hit Ijyb but do no damage.
Ijyb is lightly wounded.
You constrict Ijyb. Ijyb completely misses you.
You hit Ijyb but do no damage. You squeeze Ijyb, but do no damage.
Ijyb is lightly wounded.
You constrict Ijyb. Ijyb hits you with a +0 dagger.
You hit Ijyb.
Ijyb is moderately wounded.
You constrict Ijyb, but do no damage. Ijyb barely misses you.
You barely miss Ijyb.
Ijyb is moderately wounded.
You constrict Ijyb. Ijyb misses you.
You hit Ijyb but do no damage.
Ijyb is moderately wounded.
You constrict Ijyb, but do no damage. Ijyb hits you with a +0 dagger.
You are too injured to fight recklessly!
You are too injured to fight recklessly!
You are too injured to fight recklessly!
You are too injured to fight recklessly!
You hit Ijyb but do no damage. You squeeze Ijyb.
Ijyb is heavily wounded.
You constrict Ijyb.
Ijyb zaps a wand.
The puff of flame hits you!
* * * LOW HITPOINT WARNING * * *
You hit Ijyb but do no damage.
Ijyb is heavily wounded.
You constrict Ijyb. Ijyb hits you with a +0 dagger.
* * * LOW HITPOINT WARNING * * *
You hit Ijyb.
Ijyb is severely wounded.
You constrict Ijyb, but do no damage. Ijyb hits you with a +0 dagger.
You die...

.#######................
.......#......#.....###.
..............+...>..†..
.#####......###......###
#......# #......###
#......# #.........
#......# #.....####
#......# #.....# #
##@....# ####### #
+g....# # #.....# #
##..### # ..# # ..# #.#
.#


You could see Ijyb.

Vanquished Creatures
  2 adders
  A worm (D:4)
  A giant cockroach (D:4)
  A goblin (D:4)
  2 hobgoblins (D:4)
  2 quokkas (D:3)
  2 ball pythons (D:4)
  A kobold (D:4)
  2 rats (D:3)
14 creatures vanquished.

Notes
Turn   | Place    | Note
-------+----------+-------------------------------------------
     0 | D:5      | leafyfresh the Octopode Delver began the quest for the Orb.
     0 | D:5      | Reached XP level 1. HP: 16/16 MP: 1/1
   197 | D:4      | Found a shimmering altar of Xom.
   198 | D:4      | Noticed a crimson imp
   198 | D:4      | Noticed a crimson imp
   461 | D:4      | Reached XP level 2. HP: 21/21 MP: 2/2
   476 | D:4      | Found an iron altar of Okawaru.
   862 | D:4      | Found an opulent altar of Gozag.
  1157 | D:4      | Noticed a crimson imp
  1157 | D:4      | Noticed a crimson imp
  1232 | D:3      | Reached skill level 7 in Stealth
  1245 | D:3      | Reached XP level 3. HP: 26/26 MP: 3/3
  1435 | D:3      | Noticed Ijyb
  1448 | D:3      | HP: 1/26 [Ijyb/+0 dagger (4)]
  1449 | D:3      | Slain by Ijyb

Illustrated notes

Levels and vault maps discovered:
D:3:      layout_basic, serial_curves, eino_curves_02, eino_curves_01,
          eino_curves_02, eino_curves_01, uniq_ijyb
D:4:      layout_loops_ring, nicolae_gozag_cash_rules_everything_around_me,
          lemuel_tele_altar, led_xom_imps
D:5:      layout_loops_ring, serial_shops, nicolae_stop_n_shop_2

Skill      XL: |  1  2 |
---------------+-------+-----
Stealth        | 7 |  7.1
Fighting       | |  3.4
Short Blades   | |  2.0
Dodging        | |  2.6

Action                   || total
-------------------------++-------
Melee: Short sword       ||    44
       Constrict         ||     8
       Tentacles         ||     5
 Stab: Sleeping          ||     6
Armor: Skin              ||     1
Dodge: Dodged            ||    19
